AoeStats
← _vishi_

Nomad

504561182Analyzed
3v3 RM · 27d ago on Sep 5, 2026· 38m 37s· 6 players
Game mode
Random Map
Map size
210×210
Population
200
Speed
Normal
Resources
Standard
Victory
Conquest
Starting age
Dark Age
Ending age
Imperial Age
RankedLock teamsTeams togetherTeam positionsShared explorationLock speedFull tech treeHidden civsTurbo modeCheats
Victory
Defeat
🇹🇷 Bengalis · Türkiye
1458
+10
🇮🇳 Cumans · India
1403
+12
🇨🇭 Bohemians · Switzerland
1345
+15
🇺🇸 Gurjaras · United States
1420
-16
🇺🇸 Romans · United States
1315
-12
🇺🇸 Persians · United States
1224
-9
ZeZe
5:13 Loom
13:33 Feudal Age
17:46 Castle Age
16:42 Bloodlines
16:38 Scale Barding Armor
16:34 Double-Bit Axe
19:16 Chain Barding Armor
28:04 Wheelbarrow
27:39 Fletching
27:50 Padded Archer Armor
30:44 Bodkin Arrow
31:31 Padded Archer Armor
31:34 Husbandry
32:29 Paiks
34:02 Hand Cart
33:33 Town Watch
38:54 Imperial Age
36:53 Leather Archer Armor
37:05 Masonry
_vishi_
10:44 Loom
13:13 Feudal Age
17:45 Castle Age
17:08 Double-Bit Axe
17:32 Scale Barding Armor
18:25 Wheelbarrow
19:55 Horse Collar
21:33 Capped Ram
28:17 Heavy Plow
33:51 Imperial Age
32:03 Bow Saw
32:15 Hand Cart
32:49 Bloodlines
33:48 Chain Barding Armor
33:39 Forging
34:05 Gold Mining
33:55 Cavalier
35:13 Plate Barding Armor
36:50 Iron Casting
36:53 Paladin
38:50 Gold Shaft Mining
38:06 Stone Mining
U 99
6:20 Loom
14:32 Feudal Age
20:14 Castle Age
23:39 Double-Bit Axe
23:36 Horse Collar
30:32 Fletching
Nglsh
5:16 Loom
15:26 Feudal Age
19:10 Castle Age
17:30 Scale Mail Armor
17:25 Horse Collar
17:34 Double-Bit Axe
19:01 Gold Mining
21:17 Scale Barding Armor
21:53 Forging
25:15 Bloodlines
28:06 Gold Shaft Mining
27:40 Husbandry
30:17 Chain Barding Armor
31:23 Iron Casting
32:33 Fletching
35:38 Wheelbarrow
39:32 Imperial Age
whitewidow52
6:14 Loom
12:16 Feudal Age
13:17 Double-Bit Axe
20:18 Castle Age
18:24 Fletching
21:39 Bodkin Arrow
22:00 Medium Warships
24:14 Bow Saw
27:52 Wheelbarrow
33:31 Imperial Age
30:53 Pikeman
31:50 Town Watch
32:22 Hand Cart
35:54 Man-at-Arms
36:35 Squires
37:10 Halberdier
37:40 Heavy Scorpion
Chiefboy AK
5:17 Loom
12:59 Feudal Age
17:15 Castle Age
15:59 Fletching
16:19 Double-Bit Axe
16:45 Fishing Lines
18:09 Bodkin Arrow
18:35 Bow Saw
20:01 Town Watch
34:37 Gillnets
35:16 Gillnets
Connection lost

Rejoining the realm…

Still unreachable

The connection could not be restored.

Session expired

The server has moved on; the page needs a fresh start.